 Dungeon Crawl Stone Soup version 0.22-a0-539-gfbd9004e3f (webtiles) character file.

170 Hercules1031 the Skirmisher (level 5, 0/47 HPs)
             Began as a Hill Orc Fighter on June 24, 2018.
             Slain by a gnoll
             ... wielding a +0 halberd
              (7 damage)
             ... on level 3 of the Dungeon.
             The game lasted 00:07:16 (2376 turns).

Hercules1031 the Skirmisher (Hill Orc Fighter)      Turns: 2376, Time: 00:07:16

Health: 0/47       AC:  7    Str: 20    XL:     5   Next: 50%
Magic:  5/5        EV:  8    Int:  8    God:
Gold:   109        SH:  9    Dex: 10    Spells: 4/4 levels left

rFire    . . .     SeeInvis .   e - +0 war axe (chop)
rCold    + . .     Gourm    .   c - +0 shield
rNeg     . . .     Faith    .   b - +0 scale mail
rPois    +         Spirit   .   (no helmet)
rElec    .         Reflect  .   (no cloak)
rCorr    .         Harm     .   (no gloves)
MR       .....                  (no boots)
Stlth    ..........             (no amulet)
HPRegen  0.15/turn              p - ring of protection from cold
MPRegen  0.09/turn              d - ring of poison resistance

@: no status effects
A: no striking features
a: no special abilities


You were on level 3 of the Dungeon.
You were not hungry.

You visited 1 branch of the dungeon, and saw 3 of its levels.

You collected 109 gold pieces.

Inventory:

Hand Weapons
 e - a +0 war axe of chopping (weapon)
 i - a +2 whip of venom
 l - a +0 long sword of electrocution
Armour
 b - a +0 scale mail (worn)
 c - a +0 shield (worn)
Jewellery
 d - a ring of poison resistance (right hand)
 p - a ring of protection from cold (left hand)
Wands
 a - a wand of iceblast (9)
Scrolls
 g - a scroll of fear {unknown}
 h - 3 scrolls of remove curse {unknown}
 j - 3 scrolls of blinking {unknown}
 k - 2 scrolls of teleportation {unknown}
 m - a scroll of immolation {unknown}
 n - 2 scrolls of random uselessness {unknown}
Comestibles
 f - 3 rations


   Skills:
 * Level 4.7 Fighting
 + Level 3.4 Axes
 * Level 4.2 Armour
 * Level 1.7 Dodging
 * Level 4.2 Shields


You had 4 spell levels left.
You didn't know any spells.
Your spell library was empty.

Dungeon Overview and Level Annotations

Branches:
Dungeon (3/15)

Altars:
Dithmenos
Xom


Message History

Your shield prevents you from hitting the gnoll.
You hit the gnoll.
You kill the gnoll!
You block the gnoll's attack.
The gnoll hits you from afar with a halberd.
The gnoll hits you with a halberd.
You slash the gnoll!
The gnoll is severely wounded.
The gnoll barely misses you.
The gnoll hits you from afar with a halberd.
* * * LOW HITPOINT WARNING * * *
The gnoll hits you but does no damage.
The gnoll hits you from afar with a halberd.
* * * LOW HITPOINT WARNING * * *
You closely miss the gnoll.
The gnoll is severely wounded.
The gnoll hits you from afar with a halberd.
* * * LOW HITPOINT WARNING * * *
The gnoll hits you with a halberd!
You die...

##### ####
##...##...#
######.....$....
................
(....g..........
.......>........
.....gg@........
.....K#†..##...#
##..# ##.## # .#
##. ###.#
..#######.##...#
#.#.....#.#.<#.#
.......#.#.#..#
#......#...#.##
#......#.....#


You could see 3 gnolls and a kobold.

Vanquished Creatures
  A scorpion (D:3)
  A gnoll (D:3)
  6 adders
  5 orcs (D:3)
  A ball python (D:1)
  3 bats
  3 giant cockroaches
  4 goblins
  6 hobgoblins
  7 jackals (D:2)
  A quokka (D:3)
  3 frilled lizards
  5 kobolds
  5 rats
  3 plants (D:2)
54 creatures vanquished.

Notes
Turn   | Place    | Note
-------+----------+-------------------------------------------
     0 | D:1      | Hercules1031 the Hill Orc Fighter began the quest for the Orb.
     0 | D:1      | Reached XP level 1. HP: 19/19 MP: 1/1
   289 | D:1      | Reached XP level 2. HP: 18/27 MP: 2/2
   680 | D:2      | Found a shimmering altar of Xom.
   751 | D:2      | Reached XP level 3. HP: 12/33 MP: 3/3
  1076 | D:2      | Reached skill level 1 in Dodging
  1208 | D:2      | Reached XP level 4. HP: 25/40 MP: 4/4
  2221 | D:3      | Found a shadowy altar of Dithmenos.
  2309 | D:3      | Reached XP level 5. HP: 29/47 MP: 5/5
  2376 | D:3      | Slain by a gnoll

Vault maps used:
D:1:      saegor_arrival_simple_e
D:2:      serial_bayou_lagoon_a, xom_teletrap_fun
D:3:      first_ration, minmay_tree_intersection, grunt_dithmenos_smoke

Skill      XL: |  1  2  3  4 |
---------------+-------------+-----
Axes           | 3 |  3.4
Fighting       | 4 |  4.7
Dodging        | 1 |  1.7
Shields        | 4 |  4.2
Armour         | 4 |  4.2

Action                   |  1- 3 |  4- 6 || total
-------------------------+-------+-------++-------
Melee: War axe           |   158 |    82 ||   240
  Use: Potion            |     4 |     3 ||     7
       Scroll            |     4 |     3 ||     7
  Eat: Ration            |     1 |     1 ||     2
Armor: Scale mail        |    71 |    44 ||   115
Dodge: Dodged            |    37 |    43 ||    80
Block: Shield            |    70 |    50 ||   120

Table legend:
 A = Spawn XP
 B = Non-spawn XP
 C = Spawn XP percentage of total XP
 D = Spawn monster count
 E = Non-spawn monster count
 F = Spawn count percentage of total count
 G = Total turns spent on level
                    A         B        C        D         E        F      G
               +---------+---------+-------+---------+---------+-------+---------
         Total |       0 |     243 |   0.0 |       0 |      51 |   0.0 |  2376
               +---------+---------+-------+---------+---------+-------+---------
           D:1 |       0 |      20 |   0.0 |       0 |      13 |   0.0 |   680
           D:2 |       0 |      72 |   0.0 |       0 |      21 |   0.0 |  1120
           D:3 |       0 |     151 |   0.0 |       0 |      17 |   0.0 |   576
               +---------+---------+-------+---------+---------+-------+---------
